 Dungeon Crawl Stone Soup version 0.22-a0-247-gbddf880 (webtiles) character file.

45 4thArraOfDagon the Scratcher (level 3, 1/15 HPs)
             Began as a Felid Transmuter on Feb 27, 2018.
             Quit the game on level 2 of the Dungeon.
             The game lasted 00:04:26 (800 turns).

4thArraOfDagon the Scratcher (Felid Transmuter)      Turns: 800, Time: 00:04:27

Health: 1/15       AC:  1    Str: 11    XL:     3   Next: 42%
Magic:  0/7        EV: 24    Int: 15    God:
Gold:   19         SH:  0    Dex: 21    Spells: 0/6 levels left
                                        Lives:  0   Deaths: 0

rFire    . . .     SeeInvis +     - Unarmed
rCold    . . .     Gourm    .   (shield unavailable)
rNeg     . . .     Faith    .   (armour unavailable)
rPois    .         Spirit   .   (helmet unavailable)
rElec    .         Reflect  .   (cloak unavailable)
rCorr    .         Harm     .   (gloves unavailable)
MR       .....                  (boots unavailable)
Stlth    ++++......             (no amulet)
HPRegen  0.05/turn              (no ring)
MPRegen  0.10/turn              (no ring)

@: mighty, agile, lethally poisoned (1 -> -3), very slightly contaminated, quick
A: very small, no armour, no weapons or thrown items, stealth, claws 1, fangs 3,
see invisible, carnivore, speed 1, shaggy fur 1, slow metabolism 1, sharp paws
a: no special abilities


You were on level 2 of the Dungeon.
You were completely stuffed.

You visited 1 branch of the dungeon, and saw 4 of its levels.

You collected 19 gold pieces.

Inventory:

Missiles
 a - 29 arrows
Scrolls
 d - a scroll of amnesia
Potions
 c - a potion of might
Comestibles
 b - a ration
 g - a chunk of flesh


   Skills:
 + Level 1.4 Fighting
 + Level 3.0 Dodging
 * Level 2.1 Stealth
 * Level 3.4 Unarmed Combat
 + Level 2.2 Spellcasting
 + Level 2.5 Transmutations


You couldn't memorise any spells.
You knew the following spells:

 Your Spells              Type           Power        Failure   Level  Hunger
a - Beastly Appendage     Tmut           #.....       8%          1    #......
b - Sticks to Snakes      Tmut           #.......     12%         2    ###....
c - Spider Form           Tmut/Pois      #.........   36%         3    ###....


Dungeon Overview and Level Annotations

Branches:
Dungeon (4/15)
 Temple: D:4-7

Altars:


Innate Abilities, Weirdness & Mutations

You cannot wear armour.
You are incapable of wielding weapons or throwing items.
Your paws allow you to move quietly. (Stealth)
You have sharp claws.
You have razor-sharp teeth.
You have supernaturally acute eyesight. (SInv)
You are carnivorous and can eat meat at any time.
You cover ground quickly.
You are covered in fur. (AC +1)
You have a slow metabolism.
Your sharp claws are effective at attacking unaware monsters.


Message History

Unknown command.
Unknown command.
Your ball python completely misses the adder.
Your ball python grabs the adder.
The adder hisses angrily.
Your ball python constricts the adder.
The adder misses you.
Unknown command.
You claw the adder!
The adder is almost dead.
The adder bites you.
* * * LOW HITPOINT WARNING * * *
You are lethally poisoned!
The adder poisons you!
Your ball python bites the adder but does no damage.
Your ball python constricts the adder.
The adder dies!
Unknown command.
Okay, then.
Unknown command.
Are you sure you want to abandon this character and quit the game? (Confirm with "yes".)

♣..♣♣
#.........
...w ♣♣..♣
#......#..
..#g ♣♣.♣♣
#.......#.
#.. ♣..♣♣
#....#...#
#... ♣♣♣.♣
#.....#..#
#..# ♣.♣
#..#...##
###. ♣.♣♣
#...#..#
#. ♣♣.♣
#....###
♣.♣
#S@.#...#
♣.♣♣
#..#..b.$#
♣♣.♣♣
#.........
♣".♣
#..#.....#
♣♣>♣
##..#...#.
♣♣♣ #..
###.. #..
.. #.#.


You could see a bat (sleeping) and a friendly ball python.

Vanquished Creatures
  An adder (D:2)
  A dart slug (D:2)
  A leopard gecko (D:2)
  A ball python (D:2)
  3 hobgoblins (D:1)
  4 bats
  2 frilled lizards
  3 goblins
  3 kobolds
  2 rats
21 creatures vanquished.

Vanquished Creatures (collateral kills)
  An adder (D:2)
  2 worms (D:2)
  A hobgoblin (D:2)
  A rat (D:2)
5 creatures vanquished.

Grand Total: 26 creatures vanquished

Notes
Turn   | Place    | Note
-------+----------+-------------------------------------------
     0 | D:1      | 4thArraOfDagon the Felid Transmuter began the quest for the Orb.
     0 | D:1      | Reached XP level 1. HP: 9/9 MP: 4/4
     0 | D:1      | lets just win
   284 | D:1      | Reached skill level 1 in Stealth
   284 | D:1      | Reached XP level 2. HP: 11/12 MP: 3/6
   307 | D:1      | Learned a level 2 spell: Sticks to Snakes
   688 | D:4      | Noticed an ogre
   743 | D:2      | Reached XP level 3. HP: 2/15 MP: 2/7
   758 | D:2      | Learned a level 3 spell: Spider Form
   800 | D:2      | Quit the game

Vault maps used:
D:1:      doesnt_arrival_eight_statues
D:2:      kb_forest_paths, nicolae_overflow_hidden_temple,
          minmay_splitting_lines, minmay_distorted
D:3:      tgw_fedhas

Skill      XL: |  1  2  3 |
---------------+----------+-----
Stealth        | 1 2 |  2.1
Dodging        | 3 |  3.0
Fighting       | |  1.4
Unarmed Combat | |  3.4
Spellcasting   | |  2.2
Transmutations | |  2.5

Action                   || total
-------------------------++-------
Melee: Unarmed           ||    74
       Bite              ||     9
       Headbutt          ||     1
 Cast: Beastly Appendage ||     9
       Sticks to Snakes  ||     9
  Use: Scroll            ||     3
       Potion            ||     2
 Stab: Sleeping          ||     1
  Eat: Chunk             ||     9
Armor: Skin              ||     7
Dodge: Dodged            ||    67

Table legend:
 A = Spawn XP
 B = Non-spawn XP
 C = Spawn XP percentage of total XP
 D = Spawn monster count
 E = Non-spawn monster count
 F = Spawn count percentage of total count
 G = Total turns spent on level
                    A         B        C        D         E        F      G
               +---------+---------+-------+---------+---------+-------+---------
         Total |       0 |      65 |   0.0 |       0 |      26 |   0.0 |   800
               +---------+---------+-------+---------+---------+-------+---------
           D:1 |       0 |      14 |   0.0 |       0 |      10 |   0.0 |   341
           D:2 |       0 |      51 |   0.0 |       0 |      16 |   0.0 |   421
               +---------+---------+-------+---------+---------+-------+---------
